 Dungeon Crawl Stone Soup version 0.29-a0-113-g078de9bc30 (webtiles) character file.

Game seed: 2676455938235977439

24567 drugrobin the Fighter (level 12, -13/174 HPs)
             Began as a Demigod Warper on Feb 18, 2022.
             Killed from afar by an ogre mage (31 damage)
             ... with a bolt of magma
             ... on level 13 of the Dungeon.
             The game lasted 01:01:33 (15617 turns).

drugrobin the Fighter (Demigod Warper)             Turns: 15617, Time: 01:01:34

Health: -13/174    AC: 23    Str: 18    XL:     12   Next: 47%
Magic:  13/21      EV: 16    Int: 18    God:
Gold:   699        SH:  0    Dex: 21    Spells: 10/18 levels left

rFire   . . .      SeeInvis +   a - +2 halberd
rCold   + . .      Faith    .   (shield currently unavailable)
rNeg    + . .      Spirit   .   L - +6 scale mail "Loisojeg" {Drain Will+++ Regen+ Int+3}
rPois   .          Reflect  .   o - +0 helmet
rElec   .          Harm     .   D - +0 cloak
rCorr   .          Rampage  .   K - +0 pair of gloves "Kegagyneoq" {rC+ rN+ Int-4 SInv}
Will    ++++.                   f - +0 pair of boots
Stlth   ..........              (no amulet)
HPRegen 1.19/turn               F - +4 ring of protection
MPRegen 0.17/turn               M - +4 ring of evasion

@: berserking (expiring), very quick
A: high MP 1, forlorn, divine attributes, strong 1, wild magic 1
a: no special abilities


You were on level 13 of the Dungeon.
You visited 1 branch of the dungeon, and saw 13 of its levels.
You also visited: Sewer.

You collected 888 gold pieces.
You spent 189 gold pieces at shops.

Inventory:

Hand Weapons
 a - a +2 halberd (weapon)
 b - a +4 shortbow of flaming
 c - a +0 trident of venom
 d - a +3 hand axe
Missiles
 e - 401 stones
 h - 322 arrows
 i - a throwing net
 m - 34 poisoned darts
 x - 8 javelins (quivered)
 B - 5 boomerangs of dispersal
Armour
 f - a +0 pair of boots (worn)
 o - a +0 helmet (worn)
 D - a +0 cloak (worn)
 K - the +0 pair of gloves "Kegagyneoq" (worn) {rC+ rN+ Int-4 SInv}
   (You found it on level 13 of the Dungeon)

   Int:       It affects your intelligence (-4).
   rC:        It protects you from cold.
   rN:        It protects you from negative energy.
   SInv:      It lets you see invisible.
 L - the +6 scale mail "Loisojeg" (worn) {Drain Will+++ Regen+ Int+3}
   (You bought it in a shop on level 5 of the Dungeon)

   Int:       It affects your intelligence (+3).
   Regen:     It increases your rate of health regeneration.
   Drain:     It drains your maximum health when unequipped.
   Will:      It greatly increases your willpower.
Magical Staves
 v - a staff of death
Jewellery
 r - a ring of ice
 A - a ring of poison resistance
 F - a +4 ring of protection (left hand)
 M - a +4 ring of evasion (right hand)
 R - a ring of wizardry
 Z - a ring of willpower
Wands
 G - a wand of flame (43)
 N - a wand of polymorph (5)
 Y - a wand of iceblast (2)
Scrolls
 j - 4 scrolls of teleportation {unknown}
 k - 3 scrolls of silence {unknown}
 l - 16 scrolls of identify
 q - 2 scrolls of enchant armour {unknown}
 t - a scroll of summoning {unknown}
 y - a scroll of amnesia {unknown}
 C - 6 scrolls of fear {unknown}
 E - 4 scrolls of immolation {unknown}
 I - 4 scrolls of magic mapping {unknown}
 P - 3 scrolls of enchant weapon {unknown}
 S - a scroll of acquirement {unknown}
 T - a scroll of noise {unknown}
 U - a scroll of torment {unknown}
Potions
 g - 3 potions of berserk rage
 n - a potion of brilliance
 p - 5 potions of mutation
 s - a potion of haste
 u - a potion of ambrosia {unknown}
 w - 5 potions of degeneration
 z - 6 potions of curing
 H - 2 potions of might {unknown}
 J - 2 potions of flight {unknown}
 O - a potion of magic {unknown}
 Q - 5 potions of heal wounds {unknown}
 V - a potion of cancellation {unknown}
 W - 2 potions of invisibility {unknown}


   Skills:
 * Level 13.6 Fighting
 + Level 10.0 Polearms
 - Level 0.8 Throwing
 - Level 6.8 Armour
 - Level 3.6 Dodging
 - Level 3.6 Stealth
 + Level 3.6 Spellcasting
 - Level 6.7 Translocations
 + Level 2.2 Evocations


You had 10 spell levels left.
You knew the following spells:

 Your Spells              Type           Power      Damage    Failure   Level
a - Blink                 Tloc           70%        N/A       7%          2
b - Teleport Other        Tloc           35%        N/A       12%         3
c - Gell's Gravitas       Tloc           35%        N/A       12%         3

Your spell library contained the following spells:

 Spells                   Type           Power      Damage    Failure   Level
 Lesser Beckoning         Tloc           35%        N/A       12%         3
 Manifold Assault         Tloc           35%        N/A       67%         5
 Borgnjor's Revivificati  Necr           2%         N/A       100%        8
 Necromutation            Tmut/Necr      2%         N/A       100%        8
 Death's Door             Necr           2%         N/A       100%        9


Dungeon Overview and Level Annotations

Branches:
Dungeon (13/15)            Temple (0/1) D:7            Lair (0/6) D:10
    Orc (0/2) D:10          Sewer (visited)
 Vaults: D:13-14

Shops:
D:2 (   D:5 [   D:9 (   D:11 (

Annotations:
D:7 IdlyInterested's ghost, journeyman DsGl
D:12 Rupert


Innate Abilities, Weirdness & Mutations

You have an increased reservoir of magic. (+10% MP)
You shall have no god before yourself.
Your divine heritage dramatically boosts your attributes as you level up.
Your muscles are strong. (Str +2)
Your spells are a little harder to cast, but a little more powerful.


Message History

Unknown command.
Unknown command.
Unknown command.
Unknown command.
Unknown command.
You hit the ogre.
The ogre is severely wounded.
The ogre barely misses you. The ogre closely misses you.
Unknown command.
Unknown command.
You puncture the ogre!
You kill the ogre!
The ogre mage hits you with a +0 whip.
* * * LOW HITPOINT WARNING * * *
The ogre barely misses you.
Unknown command.
Unknown command.
You hit the ogre.
The ogre is lightly wounded.
The cyclops throws a large rock.
The large rock hits the ogre mage!!
The ogre mage hits you but does no damage.
Unknown command.
Unknown command.
Unknown command.
You puncture the ogre!
The ogre is heavily wounded.
The ogre misses you.
Unknown command.
Unknown command.
Unknown command.
You impale the ogre!!
You kill the ogre!
The ogre mage hits you but does no damage.
Unknown command.
Unknown command.
You impale the ogre mage!!
The ogre mage is severely wounded.
The ogre mage gestures at you while chanting.
The bolt of magma hits you!!
You die...

# #....................#...... #
##.................#..####... #
#.................##.C....... #
##................###......... ##
#................###..########
.###...............###(..#####
...#..............#...#......###
##..............)OC.####.......##
##.............@)### ##........#
###..........#### #..........
#........### #..........
####..#### #.......... #.##
#.>......## #.# ##..####..# .
#### ##.. ##. #####


You could see an ogre mage (invisible) and a cyclops.

Vanquished Creatures
  Kirke (D:12)
  A boulder beetle (D:13)
  2 centaur warriors
  5 two-headed ogres
  Pikel (D:8)
  2 manticores
  3 ugly things
  3 cyclopes
  2 gargoyles
  2 kobold demonologists (D:9)
  2 trolls
  A polar bear (shapeshifter) (D:12)
  A hornet (D:10)
  7 slime creatures
  A vampire (D:9)
  3 wyverns
  2 shadows
  3 hogs (D:12)
  2 wraiths
  20 yaks
  3 steam dragons
  6 vampire mosquitoes (D:11)
  Edmund (D:5)
  4 acid dragons
  2 water moccasins
  Duvessa (D:4)
  A black bear (D:8)
  5 orc warriors
  A sky beast (D:8)
  3 necrophages
  A hornet zombie (D:8)
  2 ice beasts (D:7)
  9 centaurs
  3 ogres (D:13)
  4 kobold brigands
  A lemure (D:8)
  5 bullfrogs
  A wyvern zombie (D:8)
  2 gnoll sergeants
  3 water moccasin skeletons
  Dowan (D:4)
  7 wights (D:8)
  4 killer bees
  A howler monkey (D:6)
  An electric eel (D:10)
  4 centaur zombies
  A jelly (D:3)
  2 bullfrog skeletons (D:7)
  A hound (D:4)
  8 orc priests
  2 centaur skeletons
  2 iguanas
  Natasha (thrice) (D:4)
  9 orc wizards
  A scorpion zombie (D:5)
  A hound zombie (D:5)
  A mummy (D:11)
  4 howler monkey zombies
  Robin (D:2)
  11 adders
  12 gnolls
  A howler monkey skeleton (D:7)
  2 shadow imps
  2 white imps
  An ufetubus (D:7)
  An adder skeleton (D:4)
  A worm (D:1)
  42 orcs
  18 endoplasms
  12 giant cockroaches
  10 goblins
  7 hobgoblins
  3 jackals (D:5)
  10 quokkas
  8 ball pythons
  8 frilled lizards
  12 kobolds
  A quokka skeleton (D:4)
  4 rats
342 creatures vanquished.

Vanquished Creatures (others)
  An orc wizard (D:9)
  5 plants (D:9)
6 creatures vanquished.

Grand Total: 348 creatures vanquished

Notes
Turn   | Place    | Note
-------+----------+-------------------------------------------
     0 | D:1      | drugrobin the Demigod Warper began the quest for the Orb.
     0 | D:1      | Reached XP level 1. HP: 17/17 MP: 5/5
   270 | D:1      | Reached skill level 2 in Fighting
   782 | D:1      | Reached XP level 2. HP: 24/24 MP: 7/7
  1097 | D:2      | Found Qorav's Weapon Shop.
  1224 | D:2      | Noticed Robin
  1283 | D:2      | Killed Robin
  1284 | D:2      | Reached skill level 1 in Stealth
  1307 | D:1      | Reached XP level 3. HP: 28/30 MP: 8/8
  2167 | D:2      | Learned a level 2 spell: Blink
  2190 | D:2      | Learned a level 3 spell: Teleport Other
  2315 | D:2      | Reached XP level 4. HP: 24/37 MP: 9/9
  2492 | D:2      | Reached skill level 3 in Fighting
  4158 | D:3      | Reached XP level 5. HP: 40/45 MP: 10/10
  4202 | D:3      | Found a glowing drain.
  4206 | Sewer    | Entered a sewer
  4789 | Sewer    | Reached skill level 4 in Fighting
  4789 | Sewer    | Reached XP level 6. HP: 35/52 MP: 11/11
  5579 | D:4      | Noticed Natasha
  5598 | D:4      | Killed Natasha
  5711 | D:4      | Noticed Natasha
  5721 | D:4      | Killed Natasha
  5857 | D:4      | Learned a level 3 spell: Gell's Gravitas
  6151 | D:4      | Noticed Duvessa
  6182 | D:4      | Killed Duvessa
  6183 | D:4      | Reached XP level 7. HP: 60/60 MP: 12/12
  6183 | D:4      | Noticed Dowan
  6189 | D:4      | Killed Dowan
  6288 | D:4      | Reached skill level 5 in Fighting
  6421 | D:4      | Noticed Natasha
  6427 | D:4      | Killed Natasha
  6663 | D:5      | Entered Level 5 of the Dungeon
  6979 | D:5      | Found Gohy's Antique Armour Shoppe.
  6987 | D:5      | Bought a jewelled scale mail for 189 gold pieces
  6987 | D:5      | Identified the +6 scale mail "Loisojeg" {Drain Will+++
                  | Regen+ Int+3} (You bought it in a shop on level 5 of the
                  | Dungeon)
  7074 | D:5      | Reached skill level 1 in Armour
  7346 | D:5      | Noticed Edmund
  7383 | D:5      | Killed Edmund
  7804 | D:6      | Reached skill level 6 in Fighting
  7834 | D:6      | Reached XP level 8. HP: 68/70 MP: 13/13
  8360 | D:7      | Reached skill level 5 in Polearms
  8495 | D:7      | Reached skill level 7 in Fighting
  8810 | D:7      | Found a staircase to the Ecumenical Temple.
  8869 | D:7      | Reached XP level 9. HP: 79/79 MP: 14/14
  8977 | D:8      | Noticed Pikel
  9015 | D:8      | Killed Pikel
  9016 | D:8      | Reached skill level 8 in Fighting
  9281 | D:8      | Reached skill level 5 in Translocations
  9397 | D:8      | Found a large runed translucent door.
  9398 | D:8      | Found a large runed translucent door.
  9399 | D:8      | Noticed IdlyInterested's ghost (journeyman DsGl)
  9917 | D:9      | Noticed a kobold demonologist
  9980 | D:9      | Reached skill level 9 in Fighting
  9997 | D:9      | Reached skill level 5 in Armour
  9997 | D:9      | Reached XP level 10. HP: 91/91 MP: 15/15
 10026 | D:9      | Noticed a centaur warrior
 10061 | D:9      | Killed a centaur warrior
 10102 | D:8      | Gained mutation: Your muscles are strong. (Str +2) [potion
                  | of mutation]
 10102 | D:8      | Gained mutation: Your spells are a little harder to cast,
                  | but a little more powerful. [potion of mutation]
 10102 | D:8      | HP: 4/91 [shadow (3)]
 10355 | D:9      | Noticed a cyclops
 10497 | D:9      | Noticed a two-headed ogre
 10555 | D:8      | Killed a two-headed ogre
 10556 | D:8      | Reached skill level 10 in Fighting
 10612 | D:9      | Killed a cyclops
 10916 | D:9      | Found Reduorph's Antique Weapon Emporium.
 10927 | D:9      | Noticed a soul eater
 10929 | D:9      | Noticed a rust devil
 11068 | D:9      | Noticed a two-headed ogre
 11101 | D:9      | Killed a two-headed ogre
 11415 | D:10     | Entered Level 10 of the Dungeon
 11548 | D:10     | Reached XP level 11. HP: 50/101 MP: 17/17
 11858 | D:10     | Identified the +1 robe of Ugen {Fly}
 11904 | D:10     | Found a staircase to the Lair.
 12018 | D:10     | Found a staircase to the Orcish Mines.
 12410 | D:10     | Reached skill level 11 in Fighting
 12927 | D:11     | Found Noah's Firing Range.
 13478 | D:12     | Reached skill level 12 in Fighting
 14314 | D:12     | Noticed Rupert
 14422 | D:12     | Reached XP level 12. HP: 109/113 MP: 18/18
 14549 | D:13     | Noticed an ogre mage
 14587 | D:12     | Noticed Kirke
 14645 | D:11     | Reached skill level 13 in Fighting
 14724 | D:12     | Killed Kirke
 14973 | D:13     | Identified the +0 pair of gloves "Kegagyneoq" {rC+ rN+
                  | Int-4 SInv}
 15186 | D:13     | Noticed a boulder beetle
 15186 | D:13     | Noticed a centaur warrior
 15264 | D:13     | Killed a centaur warrior
 15265 | D:13     | Reached skill level 1 in Evocations
 15287 | D:13     | Killed a boulder beetle
 15611 | D:13     | Reached skill level 10 in Polearms
 15617 | D:13     | Killed from afar by an ogre mage

Illustrated notes

Levels and vault maps discovered:
D:1:      minmay_arrival_semitransparent, layout_basic, minmay_misc_feat_hallway
D:2:      layout_basic, serial_shops, shop_statue, basic_altar,
          grunt_decor_resistance, serial_bayou_crossing, uniq_robin
D:3:      layout_basic, nzn_wu_jian_council_hall, zin_treasury,
          shapermc_ecumenical_altar_pompeii, serial_rivers,
          chequers_serial_rivers_micro_b, chequers_serial_rivers_micro_a,
          chequers_serial_rivers_micro_e, chequers_serial_rivers_small_3,
          chequers_serial_rivers_micro_d, chequers_serial_rivers_micro_b,
          gup_sewer_entry_spiral
D:4:      layout_loops_cross, lightli_minifort, uniq_duvessa, uniq_natasha
D:5:      layout_basic, lemuel_coloured_pillars_altar, serial_shops,
          shop_statue, uniq_edmund
D:6:      layout_rooms
D:7:      layout_rooms, marbit_many_paths, nicolae_dithmenos_the_darkroom,
          minmay_temple_entry_statues
D:8:      layout_cave_pools, mainiacjoe_overflow_alcove_2,
          ebering_ghost_disaster_area, minmay_misc_feat_x, uniq_pikel
D:9:      cheibrodos_ideogram_h, layout_small_grid, serial_shops,
          nicolae_shop_overgrown_old_shop, small_statue_intersection,
          hex_medium, hangedman_decor_clover_reticule
D:10:     layout_basic, dpeg_oklobed_lair
D:11:     layout_irregular_city, serial_undead, serial_undead_a,
          serial_undead_b, serial_undead_e, serial_undead_e,
          nicolae_shop_firing_range
D:12:     layout_rooms, uniq_rupert, uniq_kirke
D:13:     layout_cave_pods

Skill      XL: |  1  2  3  4  5  6  7  8  9 10 11 12 |
---------------+-------------------------------------+-----
Fighting       | 2 3 4 6 7 9 10 12 13 | 13.6
Polearms       | 2 3 4 5 6 7 9 10 | 10.0
Stealth        | 1 2 3 |  3.6
Dodging        | 2 3 |  3.6
Armour         | 1 3 5 6 |  6.8
Translocations | 4 5 6 |  6.7
Spellcasting   | 3 |  3.6
Evocations     | 2 |  2.2
Throwing       | |  0.8

Action                   |  1- 3 |  4- 6 |  7- 9 | 10-12 || total
-------------------------+-------+-------+-------+-------++-------
Melee: Spear             |    23 |       |       |       ||    23
       Dagger            |    77 |   226 |   191 |     7 ||   501
       Punch             |     2 |     1 |     8 |       ||    11
       Halberd           |       |    25 |   282 |   630 ||   937
       Hand axe          |       |       |   121 |     1 ||   122
       Trident           |       |       |       |   104 ||   104
 Fire: Hunting sling     |       |     6 |    70 |       ||    76
       Shortbow          |       |       |       |   101 ||   101
       Hand crossbow     |       |       |       |     8 ||     8
Throw: Stone             |    15 |    19 |     9 |     8 ||    51
       Dart              |     6 |     7 |     2 |     9 ||    24
       Javelin           |       |     2 |     1 |     7 ||    10
 Cast: Blink             |       |       |     8 |    22 ||    30
       Teleport Other    |       |       |     1 |     1 ||     2
Evoke: Wand              |       |       |     2 |       ||     2
  Use: Scroll            |     1 |       |       |     5 ||     6
       Potion            |       |       |       |     3 ||     3
 Stab: Sleeping          |     1 |     8 |     1 |     1 ||    11
Armor: Leather armour    |    22 |    92 |    13 |       ||   127
       Scale mail        |       |       |   354 |   454 ||   808
       Robe              |       |       |    11 |       ||    11
Dodge: Dodged            |    59 |   110 |   503 |   697 ||  1369

Table legend: (Time is in decaauts)
 A = Elapsed time spent in this place.
 B = Non-inter-level travel time spent in this place.
 C = Inter-level travel time spent in this place.
 D = Time resting spent in this place.
 E = Time spent auto-exploring this place.
 F = Levels seen in this place.
 G = Mean time per level.
                   A        B        C        D        E       F      G
               +--------+--------+--------+--------+--------+-----+--------+
         Total |  15903 |  15075 |    828 |   1283 |   8307 |  14 | 1135.9 |
       Dungeon |  15130 |  14302 |    828 |   1283 |   7942 |  13 | 1163.8 |
         Sewer |    773 |    773 |      0 |      0 |    365 |   1 |  773.0 |
               +--------+--------+--------+--------+--------+-----+--------+

Top non-repeatable levels by time:
     D:2: 1925 daAuts
     D:1: 1691 daAuts
     D:9: 1370 daAuts
     D:4: 1299 daAuts
    D:12: 1182 daAuts
    D:10: 1144 daAuts
     D:3: 1133 daAuts
     D:5: 1132 daAuts
    D:11: 1087 daAuts
     D:8: 955 daAuts
    D:13: 826 daAuts
   Sewer: 773 daAuts
     D:7: 760 daAuts
     D:6: 619 daAuts
